 Dungeon Crawl Stone Soup version 0.32-a0 (webtiles) character file.

Game seed: 2786710952667969261

767365 cvdvbs the Minotaur Barricade (level 27, -5/245 HPs)
             Began as a Minotaur Fighter on Jan 7, 2024.
             Was the Champion of Okawaru.
             Killed from afar by a wretched star (22 damage)
             ... with a lance of force
             ... on level 4 of the Abyss on Jan 13, 2024.
             The game lasted 02:44:55 (76237 turns).

cvdvbs the Minotaur Barricade (Minotaur Fighter)   Turns: 76237, Time: 02:44:56

Health: -5/245     AC: 37    Str: 25 (28) XL:     27
Magic:  38/38      EV: 32    Int:  2 (6)  God:    Okawaru [******]
Gold:   10577      SH: 18    Dex:  9 (10) Spells: 26/26 levels left

rFire   + + +        G - +9 broad axe (heavy)
rCold   + + +        n - +1 kite shield of Sunlight {rC+++ Str-2 SInv Stlth+}
rNeg    . . .        m - +7 chain mail "Bawet" {MP+9 Int+4 Dex-4 Slay+4}
rPois   +            X - +2 hat {Will+}
rElec   +            f - +2 cloak {Will+}
rCorr   +            D - +0 pair of fencer's gloves {Riposte Dex+3}
SInv    +            N - +2 pair of boots
Will    ++++.        U - dreamdust necklace {Acrobat} Stlth
                     C - ring "Berphiur" {rElec AC+4 Int+5 Slay+3}
HPRegen 0.00/turn    E - ring "Qocaeff" {rPois rF+++ rCorr Int-4 SInv}
MPRegen 0.26/turn

%: random rage (9%), acrobat
@: about to teleport, acrobatic, sick, studying 3 skills
A: horns 2, retaliatory headbutt, cold resistance 1, deterioration 2, frail 1,
sense surroundings 1, MP-powered wands, persistent drain, berserk 1[+1],
[deformed body], [dopey 2], [weak 2], [subdued magic 3]
}: 5/15 runes: decaying, serpentine, slimy, silver, abyssal
a: Renounce Religion, Heroism, Finesse, Duel, Receive Armour


You were on level 4 of the Abyss.
You worshipped Okawaru.
Okawaru was exalted by your worship.
You visited 12 branches of the dungeon, and saw 56 of its levels.
You visited the Abyss 2 times.
You visited 1 ziggurat, and saw 12 of its levels.
You also visited: Bailey, Gauntlet and Desolation.

You collected 13800 gold pieces.
You spent 3223 gold pieces at shops.

Inventory:

Hand Weapons
 G - a +9 heavy broad axe (weapon)
 R - the +8 broad axe of Pandemonium {holy, Str+6 Int+3 Dex-4 SInv}
   (You found it on level 5 of the Realm of Zot)

   Str+6:     It affects your strength (+6).
   Int+3:     It affects your intelligence (+3).
   Dex-4:     It affects your dexterity (-4).
   SInv:      It lets you see invisible.
Armour
 f - a +2 cloak of willpower (worn)
 m - the +7 chain mail "Bawet" (worn) {MP+9 Int+4 Dex-4 Slay+4}
   (You found it on level 5 of the Pits of Slime)

   Int+4:     It affects your intelligence (+4).
   Dex-4:     It affects your dexterity (-4).
   Slay+4:    It affects your accuracy & damage with ranged weapons and melee
   (+4).
   MP+9:      It affects your magic capacity (+9).
 n - the +1 kite shield of Sunlight (worn) {rC+++ Str-2 SInv Stlth+}
   (You found it on level 1 of the Vaults)

   Str-2:     It affects your strength (-2).
   rC+++:     It renders you almost immune to cold.
   SInv:      It lets you see invisible.
   Stlth+:    It makes you more stealthy.
 v - +0 pearl dragon scales
 D - the +0 pair of fencer's gloves (worn) {Riposte Dex+3}
   (You acquired it on level 11 of the Dungeon)

   Riposte:   It allows the wearer to riposte with melee weapons, swiftly
   retaliating against missed or blocked melee attacks.
   Dex+3:     It affects your dexterity (+3).
 N - a +2 pair of boots (worn)
 P - the +3 cloak of Macaroni {rPois Dex+2}
   (You took it off a draconian monk on level 5 of the Realm of Zot)

   Dex+2:     It affects your dexterity (+2).
   rPois:     It protects you from poison
 X - a +2 hat of willpower (worn)
 Y - the +8 chain mail "Isanacei" {MP+9 Dex+3}
   (You found it on level 3 of the Snake Pit)

   Dex+3:     It affects your dexterity (+3).
   MP+9:      It affects your magic capacity (+9).
 Z - a +1 tower shield of reflection
Jewellery
 b - an amulet of reflection
 d - a +4 ring of slaying
 l - the ring "Deukiese" {+Blink Will+ Str+6 Int+2}
   (You took it off a spriggan berserker on level 2 of the Depths)

   [ring of strength]

   Str+6:     It affects your strength (+6).
   Int+2:     It affects your intelligence (+2).
   Will+:     It increases your willpower.
   +Blink:    It lets you blink.
 p - a ring of willpower
 y - an amulet of regeneration
 A - a ring of flight
 C - the ring "Berphiur" (left hand) {rElec AC+4 Int+5 Slay+3}
   (You took it off a deep elf demonologist on level 3 of the Elven Halls)

   [ring of protection]

   AC+4:      It affects your AC (+4).
   Int+5:     It affects your intelligence (+5).
   Slay+3:    It affects your accuracy & damage with ranged weapons and melee
   (+3).
   rElec:     It insulates you from electricity.
 E - the ring "Qocaeff" (right hand) {rPois rF+++ rCorr Int-4 SInv}
   (You found it on level 1 of the Crypt)

   [ring of see invisible]

   Int-4:     It affects your intelligence (-4).
   rF+++:     It renders you almost immune to fire.
   rPois:     It protects you from poison SInv: It lets you see invisible.
   rCorr:     It protects you from acid and corrosion.
 I - the ring of the City {Wiz *Slow Fly rN+++ Will-}
   (You found it in the Desolation of Salt)

   [ring of wizardry]

   Wiz:       It improves your spell success rate.
   rN+++:     It renders you almost immune to negative energy.
   Will-:     It decreases your willpower.
   Fly:       It grants you flight.
   *Slow:     It may slow you when you take damage.
 J - a ring of see invisible
 K - the ring "Geysohoh" {Fire Fly Int+5 Dex+3}
   (You found it on level 1 of the Snake Pit)

   [ring of fire]

   Fire:      It enhances your fire magic.
   Int+5:     It affects your intelligence (+5).
   Dex+3:     It affects your dexterity (+3).
   rF+:       It protects you from fire.
   rC-:       It makes you vulnerable to cold.
   Fly:       It grants you flight.
 L - the ring of Loiha {rF+ Int+6 Dex+4 Slay+2}
   (You found it in a Gauntlet)

   [ring of intelligence]

   Int+6:     It affects your intelligence (+6).
   Dex+4:     It affects your dexterity (+4).
   Slay+2:    It affects your accuracy & damage with ranged weapons and melee
   (+2).
   rF+:       It protects you from fire.
 M - a +4 ring of protection
 Q - the ring of Qimafeuv {Will+ Int+6}
   (You found it on level 11 of a ziggurat)

   [ring of willpower]

   Int+6:     It affects your intelligence (+6).
   Will+:     It increases your willpower.
 U - the dreamdust necklace (around neck) {Acrobat}
   (You found it on level 5 of the Lair of Beasts)

   [amulet of the acrobat]

   Acrobat:   It increases your evasion while moving and waiting.
 V - a ring of resist corrosion
Wands
 w - a wand of quicksilver (81)
 F - a wand of digging (22)
 O - a wand of iceblast (77)
Scrolls
 c - 5 scrolls of enchant armour
 e - 13 scrolls of fog
 g - 8 scrolls of teleportation
 q - a scroll of silence
 u - 6 scrolls of fear
 B - 2 scrolls of immolation
 T - 8 scrolls of revelation
Potions
 h - 14 potions of enlightenment
 i - 7 potions of haste
 j - 15 potions of curing
 k - 8 potions of invisibility
 o - 8 potions of attraction
 r - 3 potions of ambrosia
 s - 3 potions of resistance
 t - 11 potions of berserk rage
 x - 13 potions of magic
 z - 9 potions of cancellation
 H - 13 potions of might


   Skills:
 O Level 27 Fighting
 O Level 27 Axes
 O Level 27 Armour
 O Level 27 Dodging
 O Level 27 Shields
 - Level 10.0 Invocations
 + Level 19.9 Shapeshifting


You had 26 spell levels left.
You didn't know any spells.
Your spell library contained the following spells:

 Spells                   Type           Power      Damage    Failure   Level
 Foxfire                  Conj/Fire      0%         2x1d4     69%         1
 Freeze                   Ice            0%         1d3       69%         1
 Kiss of Death            Conj/Necr      0%         2d5       69%         1
 Magic Dart               Conj           0%         1d3       69%         1
 Sandblast                Erth           0%         2d4       69%         1
 Shock                    Conj/Air       0%         1d3       69%         1
 Slow                     Hex            0%         N/A       69%         1
 Blink                    Tloc           0%         N/A       83%         2
 Cigotuvi's Dreadful Rot  Necr/Alch/Air  0%         N/A       83%         2
 Ensorcelled Hibernation  Hex/Ice        0%         N/A       83%         2
 Lesser Beckoning         Tloc           0%         N/A       83%         2
 Momentum Strike          Conj/Tloc      0%         3d8       83%         2
 Scorch                   Fire           0%         2d5       83%         2
 Static Discharge         Conj/Air       0%         3-3/arc   83%         2
 Sublimation of Blood     Necr           0%         N/A       83%         2
 Confusing Touch          Hex            0%         N/A       97%         3
 Dazzling Flash           Conj/Hex       0%         N/A       97%         3
 Frozen Ramparts          Ice            0%         1d1       97%         3
 Fugue of the Fallen      Necr           0%         N/A       97%         3
 Gell's Gravitas          Tloc           0%         N/A       97%         3
 Hailstorm                Conj/Ice       0%         3d5       97%         3
 Inner Flame              Hex/Fire       0%         N/A       97%         3
 Mephitic Cloud           Conj/Alch/Air  0%         N/A       97%         3
 Ozocubu's Armour         Ice            0%         N/A       97%         3
 Passwall                 Erth           0%         N/A       97%         3
 Sigil of Binding         Hex            0%         N/A       97%         3
 Stone Arrow              Conj/Erth      0%         3d7       97%         3
 Teleport Other           Tloc           0%         N/A       97%         3
 Vampiric Draining        Necr           0%         2d6       97%         3
 Volatile Blastmotes      Fire/Tloc      0%         2d10      97%         3
 Airstrike                Air            0%         2d(0-16)  100%        4
 Anguish                  Hex/Necr       0%         N/A       100%        4
 Brom's Barrelling Bould  Conj/Erth      0%         2d3       100%        4
 Cause Fear               Hex            0%         N/A       100%        4
 Dimensional Bullseye     Hex/Tloc       0%         N/A       100%        4
 Dispel Undead            Necr           0%         3d6       100%        4
 Flame Wave               Conj/Fire      0%         2d4       100%        4
 Fulminant Prism          Conj/Alch      0%         3d5       100%        4
 Ignite Poison            Fire/Alch      0%         N/A       100%        4
 Iskenderun's Mystic Bla  Conj/Tloc      0%         2d3       100%        4
 Leda's Liquefaction      Alch/Erth      0%         N/A       100%        4
 Manifold Assault         Tloc           0%         N/A       100%        4
 Passage of Golubria      Tloc           0%         N/A       100%        4
 Petrify                  Alch/Erth      0%         N/A       100%        4
 Sticky Flame             Fire/Alch      0%         2d4       100%        4
 Vhi's Electric Charge    Tloc/Air       0%         N/A       100%        4
 Arcjolt                  Conj/Air       0%         1d10      100%        5
 Borgnjor's Vile Clutch   Necr/Erth      0%         N/A       100%        5
 Curse of Agony           Necr           0%         N/A       100%        5
 Freezing Cloud           Conj/Ice/Air   0%         6-21      100%        5
 Irradiate                Conj/Alch      0%         3d11      100%        5
 Lee's Rapid Deconstruct  Erth           0%         3d4*      100%        5
 Metabolic Englaciation   Hex/Ice        0%         N/A       100%        5
 Silence                  Hex/Air        0%         N/A       100%        5
 Yara's Violent Unravell  Hex/Alch       0%         3d3       100%        5
 Bombard                  Conj/Erth      0%         9d1       100%        6
 Dispersal                Tloc           0%         N/A       100%        6
 Eringya's Noxious Bog    Alch           0%         4d6       100%        6
 Plasma Beam              Fire/Air       0%         2x1d10    100%        6
 Starburst                Conj/Fire      0%         6d3       100%        6
 Enfeeble                 Hex            0%         N/A       100%        7
 Orb of Destruction       Conj           0%         9d5       100%        7
 Ozocubu's Refrigeration  Ice            0%         4d7       100%        7
 Borgnjor's Revivificati  Necr           0%         N/A       100%        8
 Disjunction              Tloc           0%         N/A       100%        8
 Ignition                 Fire           0%         3d3       100%        8
 Lehudib's Crystal Spear  Conj/Erth      0%         10d2      100%        8
 Maxwell's Capacitive Co  Air            0%         ∞         100%        8
 Death's Door             Necr           0%         N/A       100%        9
 Fire Storm               Conj/Fire      0%         5d1       100%        9
 Polar Vortex             Ice            0%         N/A       100%        9
 Call Imp                 Summ           Unusable   N/A       N/A         2
 Summon Ice Beast         Ice/Summ       Unusable   N/A       N/A         3
 Tukima's Dance           Hex            Unusable   N/A       N/A         3
 Animate Armour           Summ/Erth      Unusable   N/A       N/A         4
 Summon Blazeheart Golem  Fire/Summ      Unusable   N/A       N/A         4
 Summon Lightning Spire   Summ/Air       Unusable   N/A       N/A         4
 Summon Forest            Summ/Tloc      Unusable   N/A       N/A         5
 Sculpt Simulacrum        Ice/Alch       Unusable   N/A       N/A         6
 Summon Cactus Giant      Summ           Unusable   N/A       N/A         6
 Haunt                    Necr/Summ      Unusable   N/A       N/A         7
 Spellforged Servitor     Conj/Summ      Unusable   N/A       N/A         7
 Summon Hydra             Summ           Unusable   N/A       N/A         7

Dungeon Overview and Level Annotations

Branches:
Dungeon (15/15)            Temple (1/1) D:5            Lair (5/5) D:8
  Swamp (4/4) Lair:2        Snake (4/4) Lair:2        Slime (5/5) Lair:4
    Orc (2/2) D:12            Elf (3/3) Orc:2        Vaults (5/5) D:13
  Crypt (3/3) Vaults:3       Tomb (0/3) Crypt:3      Depths (4/4) D:15
    Zot (5/5) Depths:4     Bailey (visited)         Desolation (visited)
Gauntlet (visited)

Altars:
Ashenzari
Cheibriados
Dithmenos
Elyvilon
Fedhas
Gozag
Hepliaklqana
Kikubaaqudgha
Makhleb
Nemelex Xobeh
Okawaru
Qazlal
Ru
Sif Muna
Trog
Uskayaw
Vehumet
Wu Jian
Xom
Yredelemnul
Zin
The Shining One
Lugonu

Shops:
D:8 :   D:13 [   Orc:2 =*[(   Elf:1 =   Elf:2 [   Vaults:2 ?   Vaults:3 (
Vaults:4 (   Vaults:5 !!!   Depths:1 ?   Depths:4 *

Portals:
Hell: Depths:1 Depths:2 Depths:3 Depths:4
Abyss: Lair:5 Depths:3 Depths:4
Pandemonium: Depths:2 Depths:3

Annotations:
Swamp:3 exclusion: 3 lightning spires
Vaults:1 3 runed translucent doors, Jodital's ghost, adept GrBe; Vatovie's ghost, veteran MiFi; Zotwa's ghost, adept GnSk


Innate Abilities, Weirdness & Mutations

You have a pair of horns on your head.
You reflexively headbutt those who attack you in melee.
Your flesh is cold resistant. (rC+)
Your body often deteriorates upon taking damage.
You are frail. (-10% HP)
You passively map a small area around you.
You expend magic power (3 MP) to strengthen your wands.
Your health recovers twice as slowly from being drained.
[You have an uncontrollable temper.]
[Armour fits poorly on your strangely shaped body.]
[You are very dopey. (Int -4)]
[You are very weak. (Str -4)]
[Your spells are much easier to cast, but much less powerful.]


Message History

Blink to where?
Press: ? - help, Dir - move target
As you read the scroll of blinking, it crumbles to dust.
The green death gestures at you.
The blast of poison engulfs you but does no damage.
You resist.
Unknown command.
The meliai rages.
The meliai calls down the wrath of its god upon you.
Something smites you!
* * * LOW HITPOINT WARNING * * *
The wretched star glows turbulently.
You block the lance of force.
Unknown command.
You feel better. The green death gestures at you.
The bolt of poison misses you.
The wretched star pulses with an eldritch light!
You feel stupid. x2
Unknown command.
Unknown command.
The green death attacks as it pursues you!
You block the green death's attack.
You riposte.
You slash the green death! You headbutt the green death.
The green death is moderately wounded.
You open the wretched star like a pillowcase!!!
The wretched star pulses with an eldritch light!
Your connection to magic feels nearly dormant.
There is a runelight here.
You see here a raiju corpse.
As you read the scroll of teleportation, it crumbles to dust.
You feel strangely unstable.
You feel the power of the Abyss delaying your translocation!
The wretched star glows turbulently.
You block the lance of force. The green death hits you.
* * * LOW HITPOINT WARNING * * *
Unknown command.
The wretched star glows turbulently.
The lance of force hits you!!
You die...

.. ##.. #..#
#### #.##...#
####.....##.#
#.#....#.....
#.#.#......∩..
#........... .
#..#.@⌠# ..#..
# ##†###†##
.## #.*2#⌠..#
# #...#.°°#..
##.###†###.##
.# #. #§.u ..
.*. ##.☼☼#○y⌠
..# ##.###.###
###† # ##
.*y#⌠ ⌠#⌠ .


You could see a green very ugly thing, a green death, a wretched star and a
meliai.

Vanquished Creatures
  the Royal Jelly (Slime:5)
  Frederick (Depths:4)
  5 ancient liches
  8 dread liches
  9 orbs of fire
  The ghost of Raoschyll the Formicid Barricade, a legendary FoHu of Ru (Zot:1)
  The ghost of Kapop the Gargoyle Porcupine, a legendary GrMo of Okawaru (Zot:5)
  A juggernaut (Depths:2)
  6 Killer Klowns
  Boris (Depths:4)
  A shard shrike (Zig:12)
  Saint Roka (Vaults:3)
  Margery (Vaults:4)
  A caustic shrike (Depths:4)
  Vashnia (Snake:4)
  3 curse toes
  Jory (Vaults:3)
  A profane servitor (Zig:10)
  A pearl dragon (Abyss:3)
  17 golden dragons
  4 bone dragons
  4 doom hounds (Zig:10)
  A pandemonium lord (Zig:7)
  3 electric golems
  2 Tzitzimimeh (Zig:10)
  23 tentacled monstrosities
  25 Orb Guardians (Zot:5)
  2 Ice Fiends (Zig:12)
  A walking earthen tome (Depths:2)
  A walking crystal tome (Depths:4)
  Mlioglotl (Swamp:4)
  A hellephant (Abyss:3)
  2 tainted leviathans (Zig:10)
  12 liches
  6 titans
  A walking frostbound tome (Depths:4)
  7 sphinxes
  2 deep elf master archers (Elf:3)
  18 acid blobs
  11 quicksilver dragons
  A searing wretch (Vaults:4)
  5 ancient champions
  5 deep elf blademasters
  12 death cobs
  8 tentacled starspawn
  16 shadow dragons
  The ghost of Kettat the Crack Shot, an adept MiBe of Trog (Swamp:3)
  3 thorn hunters
  10 draconian knights
  Aizul (Elf:2)
  11 azure jellies
  12 storm dragons
  4 protean progenitors
  3 nagarajas
  8 tengu reavers
  A fenstrider witch (Swamp:3)
  6 revenants
  18 vault wardens
  13 rockslimes
  20 draconian monks
  The ghost of Lymetel the Executioner, a journeyman MiBe of Trog (Orc:2)
  9 frost giants
  7 draconian shifters
  5 narguns (Zig:12)
  11 draconian scorchers
  2 draconian stormcallers
  10 deep elf sorcerers
  2 ghost moths
  12 fire giants
  4 curse skulls
  2 imperial myrmidons (Desolation)
  4 iron dragons
  2 caustic shrike zombies
  Louise (Elf:1)
  2 juggernaut zombies
  A reaper (Depths:1)
  5 deep elf elementalists
  A demonspawn corrupter (Zig:4)
  A cacodemon (Abyss:3)
  The ghost of Macafuodgh the Eclecticist, an adept DECj of Sif Muna (Depths:4)
  20 ironbound preservers
  4 ghouls
  2 broodmothers (Zot:2)
  10 spriggan defenders
  6 orc warlords
  9 quicksilver oozes
  3 formless jellyfish
  14 draconian annihilators
  10 vampire knights
  26 very ugly things
  23 stone giants
  18 green draconians
  11 yellow draconians
  8 deep elf demonologists
  5 ironbound thunderhulks
  2 putrid mouths (Zig:10)
  An eleionoma (Swamp:3)
  22 red draconians
  13 deep elf annihilators
  A wendigo (Zig:12)
  Azrael (Elf:2)
  18 black draconians
  5 war gargoyles
  14 purple draconians
  The ghost of kuniqs the Devastator, a journeyman DsCj of Vehumet (D:14)
  12 deep elf death magi
  15 dire elephants
  12 white draconians
  15 spark wasps
  5 bunyips
  The ghost of catyrpelius the Thaumaturge, a journeyman DgEE (Lair:5)
  A minotaur (Gauntlet)
  2 eidola (Crypt:1)
  2 crystal guardians
  A green death (Abyss:3)
  A blizzard demon (Abyss:3)
  2 mummy priests (Zig:5)
  6 fire dragons
  3 merfolk javelineers
  8 deep elf high priests
  20 jiangshi
  16 ettins
  An entropy weaver (shapeshifter) (Lair:5)
  15 yaktaur captains
  10 great orbs of eyes
  6 ragged hierophants (Desolation)
  6 rakshasas
  An entropy weaver (Vaults:2)
  50 vault guards
  5 salamander tyrants
  6 ogre magi
  4 ice dragons
  8 spriggan air magi
  A caustic shrike simulacrum (Abyss:3)
  6 spriggan zombies
  22 anacondas
  3 servants of whispers (Desolation)
  A sphinx zombie (Depths:3)
  21 hydras
  10 peacekeepers
  The ghost of losten the Cudgeller, a journeyman DsGl of Makhleb (D:13)
  Erica (D:10)
  14 centaur warriors
  5 ghost crabs
  A catoblepas (Lair:3)
  9 alligators
  4 ironbound frosthearts
  3 death knights (Crypt:1)
  A spriggan skeleton (Crypt:1)
  10 two-headed ogres
  3 alligator snapping turtles (Snake:1)
  28 dancing weapons
  7 tengu warriors
  6 death yaks (Lair:1)
  9 naga warriors
  8 deep troll shamans
  6 hell hogs
  4 boulder beetles
  7 deep troll earth magi
  A shock serpent (shapeshifter) (Vaults:5)
  10 spriggan berserkers
  16 naga sharpshooters
  16 hell knights
  A titan zombie (Crypt:2)
  14 vampire magi
  8 thrashing horrors
  2 occultists
  9 shock serpents
  16 deep elf knights
  2 skysharks
  2 orc high priests
  5 soul eaters
  2 sixfirhies
  17 spriggans
  A sun demon (Depths:1)
  6 goliath frogs
  7 iron trolls
  A skyshark (shapeshifter) (Vaults:1)
  A sea snake (shapeshifter) (Zig:7)
  28 skeletal warriors
  5 wretched stars
  4 spark wasp zombies (Depths:1)
  A storm dragon skeleton (Crypt:2)
  2 salamander mystics
  3 death drakes (Depths:4)
  15 swamp dragons
  8 sea snakes
  3 spriggan druids
  A golden dragon skeleton (Crypt:1)
  11 flayed ghosts
  45 deep trolls
  A swamp dragon (shapeshifter) (Vaults:1)
  An anaconda zombie (Crypt:3)
  6 bog bodies
  13 deep elf archers
  A glowing orange brain (shapeshifter) (Zig:7)
  3 arcanists
  An orange crystal statue (Zig:2)
  A shadow dragon zombie (Depths:3)
  6 lindwurms
  2 mana vipers (shapeshifter)
  2 glowing orange brains
  15 mana vipers
  20 phantasmal warriors
  2 obsidian statues
  25 ironbound convokers
  A bunyip skeleton (Crypt:3)
  6 large abominations
  49 starcursed masses
  13 orc knights
  12 necromancers
  A steelbarb worm (shapeshifter) (Vaults:1)
  An iron giant skeleton (Crypt:1)
  20 ugly things
  A cyclops (shapeshifter) (Elf:3)
  A tengu skeleton (Vaults:1)
  36 deep elf pyromancers
  A lightning spire (Swamp:3)
  35 deep elf zephyrmancers
  17 naga ritualists
  7 harpies
  6 shining eyes
  3 orc sorcerers
  A shining eye (shapeshifter) (Depths:2)
  2 worldbinders
  A fire giant zombie (Zig:5)
  6 will-o-the-wisps
  5 cyclopes
  A moth of wrath (shapeshifter) (Vaults:5)
  2 stone giant zombies
  A meliai (shapeshifter) (Elf:3)
  2 manticores
  10 salamanders
  4 meliai (Depths:2)
  2 apocalypse crabs
  An iron dragon skeleton (Crypt:3)
  3 manticores (shapeshifter)
  52 black mambas
  7 elephants (Lair:4)
  17 vault sentinels
  27 moths of wrath
  A water nymph (shapeshifter) (D:13)
  A stone giant skeleton (Depths:1)
  A fire giant skeleton (Depths:3)
  18 naga magi
  A dire elephant zombie (Crypt:3)
  16 guardian serpents
  A naga zombie (Crypt:3)
  A centaur skeleton (Crypt:1)
  5 molten gargoyles (Desolation)
  2 ice statues (Zig:2)
  A kobold blastminer (Zig:2)
  A storm dragon simulacrum (Zig:12)
  A torpor snail (Lair:4)
  5 centaur zombies
  9 smoke demons
  7 gargoyles
  5 cane toads
  2 eyes of devastation
  2 unseen horrors
  15 yaktaurs
  An orange demon (Abyss:3)
  2 tormentors
  A yaktaur zombie (Vaults:1)
  A rime drake (shapeshifter) (Depths:4)
  8 komodo dragons
  3 kobold demonologists
  11 freezing wraiths
  A rime drake (D:8)
  A black draconian skeleton (Crypt:1)
  A hellion (Zig:12)
  8 tengu conjurers
  3 guardian mummies (Zig:5)
  3 polar bears
  An iron troll skeleton (Crypt:2)
  7 ancient zymes
  2 harpy zombies
  A bloated husk (Swamp:3)
  16 tyrant leeches
  17 hornets
  27 blink frogs
  11 trolls
  A hellwing (Abyss:1)
  50 saltlings (Desolation)
  5 glass eyes
  A raiju (shapeshifter) (Abyss:3)
  3 harpy skeletons (Crypt:3)
  A dream sheep (shapeshifter) (Depths:2)
  9 raiju
  5 snapping turtles
  6 dream sheep (Lair:5)
  A hydra skeleton (Crypt:1)
  Sigmund (D:2)
  2 centaur simulacra (D:14)
  A ynoxinul (Abyss:3)
  102 slime creatures
  4 air elementals
  6 vampires
  3 fire dragon skeletons (Crypt:3)
  An ettin skeleton (Depths:1)
  A guardian serpent skeleton (Crypt:2)
  A spriggan (shapeshifter) (D:13)
  4 shadows
  64 yaks
  11 small abominations
  9 water elementals
  10 wraiths
  2 wyverns
  5 wargs
  2 fire bats (Abyss:1)
  2 basilisks
  8 fire elementals
  A neqoxec (Abyss:3)
  2 golden eyes (Slime:5)
  A basilisk (shapeshifter) (D:14)
  A redback (shapeshifter) (Depths:2)
  A human simulacrum (Vaults:1)
  A swamp worm (shapeshifter) (Vaults:5)
  7 vampire mosquitoes
  4 steam dragons
  7 chaos spawn
  36 nagas
  19 swamp worms
  2 demonspawn zombies (Crypt:1)
  A glowing shapeshifter zombie (Depths:1)
  2 acid dragons
  A glowing shapeshifter skeleton (Vaults:1)
  2 hell hounds (Elf:2)
  A water moccasin (shapeshifter) (Lair:5)
  15 water moccasins
  30 orc warriors
  A naga skeleton (Crypt:3)
  5 swamp drakes
  5 black bears
  7 ice beasts
  22 laughing skulls
  8 ogres
  25 wolves
  A boggart (D:14)
  5 centaurs
  2 phantoms
  A kobold brigand (D:9)
  3 weeping skulls (Abyss:3)
  5 earth elementals
  A glowing shapeshifter simulacrum (Depths:3)
  10 gnoll sergeants
  3 necrophages
  A brain worm (Abyss:3)
  14 bullfrogs
  4 killer bees (D:9)
  4 howler monkeys
  10 electric eels
  A polar bear skeleton (Crypt:1)
  2 lava snakes (Lair:2)
  2 jellies
  7 hounds
  A bombardier beetle (D:6)
  6 gnoll boudas (Bailey)
  24 orc priests
  Crazy Yiuf (D:2)
  3 iron imps (Abyss:1)
  A basilisk zombie (Crypt:2)
  Natasha (twice) (D:3)
  A boggart zombie (Crypt:1)
  5 hell rats (Lair:4)
  3 iguanas
  30 orc wizards
  2 sleepcaps
  An ice beast zombie (Crypt:2)
  6 mummies (Zig:5)
  Robin (D:3)
  19 gnolls
  4 adders
  A shadow imp (D:6)
  3 white imps
  10 ufetubi
  2 dart slugs
  A ribbon worm (D:4)
  83 orcs
  4 endoplasms (D:1)
  A giant cockroach (D:1)
  19 goblins
  9 hobgoblins
  8 jackals
  3 quokkas
  5 ball pythons (D:1)
  6 bats
  4 frilled lizards
  A gnoll skeleton (Crypt:2)
  15 kobolds
  An orc zombie (Crypt:1)
  3 rats
  An aspiring flesh (Zot:3)
  A lurking horror (Abyss:1)
  A spectral weapon (Swamp:2)
  6 starspawn tentacles (Abyss:3)
2941 creatures vanquished.

Vanquished Creatures (others)
  A draconian knight (Zot:4)
  An obsidian statue (Zig:2)
  A phantasmal warrior (Depths:1)
  2 deep elf zephyrmancers (Elf:2)
  A deep elf pyromancer (Zig:6)
  A titan simulacrum (Zig:12)
  3 bloated husks
  A naga simulacrum (Abyss:3)
  A small abomination (Abyss:3)
  17 foxfires
  3 lurking horrors
  13 starspawn tentacles (Abyss:3)
45 creatures vanquished.

Grand Total: 2986 creatures vanquished

Notes
Turn   | Place    | Note
-------+----------+-------------------------------------------
     0 | D:1      | cvdvbs the Minotaur Fighter began the quest for the Orb.
     0 | D:1      | Reached XP level 1. HP: 19/19 MP: 0/0
   125 | D:1      | Reached XP level 2. HP: 27/27 MP: 1/1
   407 | D:1      | Reached skill level 1 in Dodging
  1019 | D:2      | Noticed Crazy Yiuf
  1027 | D:2      | Reached XP level 3. HP: 33/33 MP: 2/2
  1238 | D:2      | Found a runed translucent door.
  1426 | D:2      | Noticed Sigmund
  1445 | D:2      | Killed Sigmund
  1446 | D:2      | Reached XP level 4. HP: 5/41 MP: 3/3
  1446 | D:2      | Reached XP level 5. HP: 6/47 MP: 4/4
  1788 | D:2      | Killed Crazy Yiuf
  1801 | D:2      | Identified the +9 hammer "Goblinbane" {freeze, rC+ Str+4
                  | Int-2}
  1878 | D:3      | Noticed Natasha
  1882 | D:3      | Killed Natasha
  1883 | D:3      | Reached XP level 6. HP: 55/55 MP: 5/5
  1888 | D:3      | Noticed Natasha
  1894 | D:3      | Killed Natasha
  1945 | D:3      | Noticed Robin
  1965 | D:3      | Killed Robin
  1966 | D:3      | Reached skill level 5 in Fighting
  1968 | D:3      | Reached skill level 5 in Shields
  2455 | D:4      | Reached skill level 5 in Armour
  2923 | D:5      | Entered Level 5 of the Dungeon
  2943 | D:5      | Reached XP level 7. HP: 61/61 MP: 6/6
  3131 | D:5      | Found a staircase to the Ecumenical Temple.
  3140 | Temple   | Entered the Ecumenical Temple
  3167 | Temple   | Became a worshipper of Warmaster Okawaru
  3568 | D:5      | Reached skill level 5 in Axes
  4020 | D:6      | Reached * piety under Okawaru
  4021 | D:6      | Reached XP level 8. HP: 64/70 MP: 7/7
  4311 | D:6      | Reached skill level 5 in Dodging
  4617 | D:6      | Reached ** piety under Okawaru
  5025 | D:7      | Reached XP level 9. HP: 62/79 MP: 8/8
  5301 | D:7      | Found a burning altar of Makhleb.
  5307 | D:7      | Found a glowing silver altar of Zin.
  5307 | D:7      | Noticed an angel
  5308 | D:7      | Noticed a blizzard demon
  5653 | D:7      | Found a sacrificial altar of Ru.
  5950 | D:8      | Found Ottaxony's Book Shoppe.
  5976 | D:8      | Identified the +5 war axe of the Bequeathed God {protect,
                  | rPois rF- rCorr}
  5998 | D:8      | Found a bloodstained altar of Trog.
  6147 | D:8      | Reached *** piety under Okawaru
  6332 | D:8      | Found a staircase to the Lair.
  6335 | D:8      | Reached XP level 10. HP: 80/90 MP: 9/9
  6359 | D:8      | Reached **** piety under Okawaru
  6785 | D:8      | Found a white marble altar of Elyvilon.
  6986 | D:9      | Found a flagged portal.
  6995 | Bailey   | Entered a bailey
  7480 | Bailey   | Identified the +1 morningstar "Mastryos" {freeze, Str+2}
  7642 | Bailey   | Reached ***** piety under Okawaru
  7835 | Bailey   | Identified the +0 robe of Dyipn {rC+ Regen+ Int+3}
  8748 | D:9      | Found a sparkling altar of Nemelex Xobeh.
  8839 | D:9      | You are sucked into a shaft and drop 3 floors!
  8865 | D:12     | Found a gate leading to a gauntlet.
  8876 | Gauntlet | Entered a Gauntlet
  8876 | Gauntlet | Found a transporter.
  8876 | Gauntlet | Found a transporter.
  8878 | Gauntlet | Noticed a sixfirhy
  8880 | Gauntlet | Found a transporter.
  8880 | Gauntlet | Found a transporter.
  8890 | Gauntlet | Found a transporter.
  8900 | Gauntlet | Found a transporter.
  8900 | Gauntlet | Found a transporter.
  8901 | Gauntlet | Noticed a ghost crab
  8901 | Gauntlet | Noticed a balrug
  8924 | Gauntlet | Found a transporter.
  8933 | Gauntlet | Found a transporter.
  8949 | Gauntlet | Found a transporter.
  8964 | Gauntlet | Noticed a fire crab
  8971 | Gauntlet | Found a transporter.
  8981 | Gauntlet | Found a transporter.
  9027 | Gauntlet | Found a transporter.
  9041 | Gauntlet | Found a transporter.
  9041 | Gauntlet | Noticed a worldbinder
  9143 | Gauntlet | Found a transporter.
  9157 | Gauntlet | Found a transporter.
  9158 | Gauntlet | Noticed an ice statue
  9261 | Gauntlet | Killed a sixfirhy
  9261 | Gauntlet | Received a gift from Okawaru
  9262 | Gauntlet | Reached skill level 10 in Shields
  9262 | Gauntlet | Reached XP level 11. HP: 99/99 MP: 10/10
  9264 | Gauntlet | Reached skill level 10 in Fighting
  9303 | Gauntlet | Reached skill level 10 in Armour
  9303 | Gauntlet | Paralysed by a hornet for 1 turns
  9471 | Gauntlet | Identified the +9 spear "Zidduigh" {drain, rCorr Int+6
                  | Dex-4}
  9502 | Gauntlet | Killed a ghost crab
  9614 | Gauntlet | Identified the +1 pair of boots of Distant Shores {rF-
                  | Dex+5}
  9678 | Gauntlet | Noticed a minotaur
  9693 | Gauntlet | Gained mutation: You are frail. (-10% HP) [potion of
                  | mutation]
  9695 | Gauntlet | HP: 4/90 [minotaur/+0 vampiric spear (22)]
  9699 | Gauntlet | Killed a minotaur
  9921 | Gauntlet | Lost mutation: You are frail. (-10% HP) [potion of
                  | mutation]
  9921 | Gauntlet | Gained mutation: You have sharp toenails. [potion of
                  | mutation]
  9921 | Gauntlet | Gained mutation: You are agile. (Dex +4, Str/Int -1)
                  | [potion of mutation]
  9929 | Gauntlet | Identified the ring of Loiha {rF+ Int+6 Dex+4 Slay+2}
  9929 | Gauntlet | Identified the granite talisman of the Unbroken {rF+ rC+
                  | Int+5}
  9978 | D:11     | Noticed a boulder beetle
  9997 | D:11     | Noticed a two-headed ogre
 10042 | D:11     | Reached skill level 10 in Axes
 10185 | D:10     | Entered Level 10 of the Dungeon
 10190 | D:10     | Received a gift from Okawaru
 10686 | D:10     | Noticed Erica
 10996 | D:10     | Found a shimmering altar of Xom.
 11369 | D:10     | Killed Erica
 11560 | D:10     | Found a radiant altar of Vehumet.
 11662 | D:11     | Identified a scroll of acquirement
 11662 | D:11     | Acquired the +0 pair of fencer's gloves {Riposte Dex+3}
 11662 | D:11     | Found the +0 pair of fencer's gloves {Riposte Dex+3}
 11775 | D:11     | Received a gift from Okawaru
 12031 | D:11     | Noticed a boulder beetle
 12037 | D:11     | Killed a boulder beetle
 12038 | D:11     | Reached XP level 12. HP: 110/110 MP: 11/11
 12102 | D:11     | Killed a boulder beetle
 12398 | D:11     | Killed a two-headed ogre
 12542 | D:12     | Noticed a two-headed ogre
 12545 | D:12     | Killed a two-headed ogre
 12546 | D:12     | Reached skill level 10 in Dodging
 12843 | D:12     | Noticed a two-headed ogre
 12847 | D:12     | Killed a two-headed ogre
 12943 | D:12     | Noticed a two-headed ogre
 12947 | D:12     | Killed a two-headed ogre
 12947 | D:12     | Received a gift from Okawaru
 13334 | D:12     | Found a staircase to the Orcish Mines.
 13544 | D:13     | Noticed a centaur warrior
 13551 | D:13     | Killed a centaur warrior
 13551 | D:13     | Reached ****** piety under Okawaru
 13654 | D:13     | Acquired the +16 obsidian axe {drain, demonic, Mesm ^Drain
                  | Fly SInv}
 13654 | D:13     | Received a gift from Okawaru
 13654 | D:13     | Found the +16 obsidian axe {drain, demonic, Mesm ^Drain Fly
                  | SInv}
 13916 | D:13     | Found a runed translucent gate.
 13918 | D:13     | Found a runed translucent gate.
 13918 | D:13     | Noticed losten's ghost (journeyman DsGl)
 13919 | D:13     | Noticed an 11-headed hydra
 13921 | D:13     | Found Uzeliquwk's Antique Armour Emporium.
 13922 | D:13     | Found a runed translucent gate.
 14031 | D:13     | Noticed a centaur warrior
 14039 | D:13     | Killed a centaur warrior
 14098 | D:13     | Found a gate to the Vaults.
 14277 | D:13     | Killed a nine-headed hydra
 14277 | D:13     | Received a gift from Okawaru
 14288 | D:13     | Killed losten's ghost
 14505 | D:14     | Noticed a centaur warrior
 14511 | D:14     | Killed a centaur warrior
 14604 | D:14     | Identified the +6 ring mail "Feurph" {Harm rPois rN+++
                  | Will-}
 14606 | D:14     | Noticed a tengu warrior
 14610 | D:14     | Noticed a two-headed ogre
 14611 | D:14     | Killed a tengu warrior
 14612 | D:14     | Reached XP level 13. HP: 109/119 MP: 10/12
 14832 | D:14     | Identified the ring of the Evening {rF+ MP+9 Int+6 Dex-2}
 14865 | D:14     | Found a runed translucent door.
 14869 | D:14     | Identified the +7 trident of the Pit {protect, rF++ Dex+2}
 14869 | D:14     | Noticed kuniqs's ghost (journeyman DsCj)
 14877 | D:14     | Received a gift from Okawaru
 14882 | D:14     | Killed kuniqs's ghost
 15072 | D:14     | Identified the +10 orcbow "Usug" {flame, rElec Will+}
 15393 | D:14     | Found an ornate altar of the Wu Jian Council.
 15583 | Lair:1   | Entered Level 1 of the Lair of Beasts
 15672 | Lair:1   | Received a gift from Okawaru
 16563 | Lair:2   | Found a staircase to the Snake Pit.
 16565 | Lair:2   | Received a gift from Okawaru
 16772 | Lair:2   | Found a staircase to the Swamp.
 17517 | Lair:3   | Received a gift from Okawaru
 17518 | Lair:3   | Reached XP level 14. HP: 130/130 MP: 13/13
 18814 | Lair:4   | You fall into a shaft and drop 1 floor!
 18814 | Lair:5   | Entered Level 5 of the Lair of Beasts
 18882 | Lair:4   | Found a staircase to the Slime Pits.
 19022 | Lair:4   | Received a gift from Okawaru
 19663 | Lair:5   | Received a gift from Okawaru
 19949 | Lair:5   | Found a runed translucent gate.
 19950 | Lair:5   | Found a runed translucent gate.
 19951 | Lair:5   | Found a runed translucent gate.
 19996 | Lair:5   | Noticed catyrpelius's ghost (journeyman DgEE)
 20050 | Lair:5   | Received a gift from Okawaru
 20057 | Abyss:1  | Cast into level 1 of the Abyss (spriggan)
 20156 | Lair:5   | Escaped the Abyss
 20262 | Lair:5   | Reached skill level 1 in Invocations
 20285 | Lair:5   | Found a corrupted altar of Lugonu.
 20285 | Lair:5   | Found a one-way gate to the infinite horrors of the Abyss.
 20285 | Lair:5   | Found the dreamshard necklace {Acrobat *Dream}
 20315 | Lair:5   | Identified the staff of the Mushroom {Fly rElec Conj}
 20747 | Lair:5   | Killed catyrpelius's ghost
 20969 | Orc:1    | Entered Level 1 of the Orcish Mines
 20978 | Orc:1    | Received a gift from Okawaru
 20990 | Orc:1    | Reached XP level 15. HP: 106/139 MP: 15/17
 21387 | Orc:2    | Entered Level 2 of the Orcish Mines
 21404 | Orc:2    | Reached skill level 5 in Invocations
 21627 | Orc:2    | Found a staircase to the Elven Halls.
 21776 | Orc:2    | Found Xiuhob's Antique Armour Emporium.
 21983 | Orc:2    | Found Ceblom's Antique Weapon Emporium.
 22026 | Orc:2    | Bought a runed hat for 140 gold pieces
 22149 | Orc:2    | Found Faocholl's Jewellery Emporium.
 22166 | Orc:2    | Found Laogg's General Store.
 22173 | Orc:2    | Bought a potion of might for 60 gold pieces
 22173 | Orc:2    | Bought a potion of might for 60 gold pieces
 22428 | Orc:2    | Found a runed translucent gate.
 22429 | Orc:2    | Found a runed translucent gate.
 22430 | Orc:2    | Found a runed translucent gate.
 22438 | Orc:2    | Noticed Lymetel's ghost (journeyman MiBe)
 22461 | Orc:2    | Found an iron altar of Okawaru.
 22473 | Orc:2    | Received a gift from Okawaru
 22997 | Orc:2    | Killed Lymetel's ghost
 23179 | D:15     | Entered Level 15 of the Dungeon
 23239 | D:15     | Received a gift from Okawaru
 23656 | D:15     | Found a sparkling altar of Nemelex Xobeh.
 23914 | D:15     | Reached skill level 10 in Invocations
 23998 | D:15     | Found a staircase to the Depths.
 24354 | Snake:1  | Entered Level 1 of the Snake Pit
 24614 | Snake:1  | Received a gift from Okawaru
 24618 | Snake:1  | Reached skill level 15 in Fighting
 24737 | Snake:1  | Reached skill level 15 in Armour
 24737 | Snake:1  | Reached skill level 15 in Shields
 25240 | Snake:1  | Found a transporter.
 25275 | Snake:1  | Found a transporter.
 25432 | Snake:1  | Received a gift from Okawaru
 25433 | Snake:1  | Reached skill level 15 in Axes
 25435 | Snake:1  | Reached XP level 16. HP: 86/149 MP: 22/22
 25603 | Snake:1  | Identified the +1 cloak of the Ward {rPois rF- rN+}
 25852 | Snake:1  | HP: 7/149 [bunyip (29)]
 25861 | Snake:1  | HP: 5/149 [snapping turtle (13)]
 26493 | Snake:1  | Received a gift from Okawaru
 26519 | Snake:1  | Identified the staff of the Seeker {rF+ Int+2 Fire}
 26528 | Snake:1  | Identified the ring "Geysohoh" {Fire Fly Int+5 Dex+3}
 27338 | Snake:2  | Identified the +4 falchion of Araumat {pain, rPois Int+2
                  | Dex+4}
 28503 | Snake:3  | Received a gift from Okawaru
 28912 | Snake:3  | Identified the amulet "Keng" {Spirit rElec rF+ rN+ Dex-2}
 29280 | Snake:3  | Received a gift from Okawaru
 29503 | Snake:3  | Identified the +8 chain mail "Isanacei" {MP+9 Dex+3}
 29675 | Snake:4  | Entered Level 4 of the Snake Pit
 29680 | Snake:4  | Reached XP level 17. HP: 159/159 MP: 23/23
 30018 | Snake:4  | Received a gift from Okawaru
 30279 | Snake:4  | Reached skill level 15 in Dodging
 30831 | Snake:4  | Received a gift from Okawaru
 31127 | Snake:4  | Noticed Vashnia
 31552 | Snake:4  | Killed Vashnia
 31552 | Snake:4  | Received a gift from Okawaru
 31737 | Snake:4  | Got a serpentine rune of Zot
 31917 | Swamp:1  | Entered Level 1 of the Swamp
 32478 | Swamp:1  | Received a gift from Okawaru
 32836 | Swamp:2  | Reached XP level 18. HP: 140/170 MP: 24/24
 33397 | Swamp:3  | Found a runed translucent gate.
 33398 | Swamp:3  | Found a runed translucent gate.
 33398 | Swamp:3  | Noticed Kettat's ghost (adept MiBe)
 33398 | Swamp:3  | Noticed a tentacled monstrosity
 33399 | Swamp:3  | Found a runed translucent gate.
 33808 | Swamp:3  | Received a gift from Okawaru
 33893 | Swamp:3  | Identified the +1 rapier "Gigenuur" {speed, Fly rElec rN+}
 34407 | Swamp:3  | Killed a tentacled monstrosity
 34409 | Swamp:3  | Killed Kettat's ghost
 34896 | Swamp:4  | Entered Level 4 of the Swamp
 34931 | Swamp:4  | Received a gift from Okawaru
 35592 | Swamp:4  | Got a decaying rune of Zot
 35610 | Swamp:4  | Noticed Mlioglotl
 35615 | Swamp:4  | Killed Mlioglotl
 36322 | Vaults:1 | Entered Level 1 of the Vaults
 36338 | Vaults:1 | Received a gift from Okawaru
 36662 | Vaults:1 | Identified the maw talisman of the Burning Sparrow {Str+2}
 37448 | Vaults:1 | Received a gift from Okawaru
 37655 | Vaults:1 | Reached XP level 19. HP: 180/180 MP: 25/25
 37657 | Vaults:1 | Identified the +2 leather armour "Henkugy" {Str+3 Dex+4}
 37722 | Vaults:1 | Identified the staff of Eregg {rF+ Conj Necro}
 37890 | Vaults:1 | Identified the +4 spear of Prudence {freeze, +Blink rPois
                  | Str+5}
 37907 | Vaults:1 | Identified the +1 kite shield of Sunlight {rC+++ Str-2 SInv
                  | Stlth+}
 38203 | Vaults:1 | Received a gift from Okawaru
 38355 | Vaults:1 | Found a runed translucent gate.
 38355 | Vaults:1 | Found a runed translucent gate.
 38355 | Vaults:1 | Found a runed translucent gate.
 38355 | Vaults:1 | Found an ancient bone altar of Kikubaaqudgha.
 38355 | Vaults:1 | Noticed an ancient lich
 38355 | Vaults:1 | Noticed Jodital's ghost (adept GrBe)
 38355 | Vaults:1 | Noticed Zotwa's ghost (adept GnSk)
 38355 | Vaults:1 | Noticed Vatovie's ghost (veteran MiFi)
 38850 | Vaults:2 | Found Loaj's Magic Scroll Boutique.
 38855 | Vaults:2 | Bought a scroll of teleportation for 45 gold pieces
 38971 | Vaults:2 | Received a gift from Okawaru
 39366 | Vaults:2 | Received a gift from Okawaru
 39802 | Vaults:3 | Noticed Jory
 39811 | Vaults:3 | Killed Jory
 39963 | Vaults:3 | Found a staircase to the Crypt.
 40167 | Vaults:3 | Received a gift from Okawaru
 40303 | Vaults:3 | Noticed Saint Roka
 40310 | Vaults:3 | Killed Saint Roka
 40497 | Vaults:3 | Reached XP level 20. HP: 188/191 MP: 26/26
 40508 | Vaults:3 | Found Azeubys's Weapon Emporium.
 41042 | Vaults:4 | Found a crumbling gateway.
 41052 | Desolati | Entered the Desolation of Salt
 41073 | Desolati | Received a gift from Okawaru
 41209 | Desolati | Identified the +3 steam dragon scales of the Buccaneer {rF-
                  | Int+6}
 41231 | Desolati | Got the Quarto of Virulent Arcane Combat
 41240 | Desolati | Identified the ring of the City {Wiz *Slow Fly rN+++ Will-}
 41335 | Desolati | Identified the +0 plate armour of New Discoveries {rElec}
 41336 | Desolati | Identified the +3 ring mail of a bazaar {rF+ rC+}
 41526 | Desolati | Received a gift from Okawaru
 41577 | Desolati | Identified the +9 flail of the Moon {flame, rC+}
 41592 | Desolati | Identified the +3 ring mail of a Gauntlet {Int+7 Dex-2}
 41596 | Desolati | Got the Catalogue of Diablerie
 41603 | Desolati | Identified the +0 robe of Gravitas {rPois Archmagi}
 41854 | Vaults:4 | Received a gift from Okawaru
 41882 | Vaults:4 | Found Ubikaece's Antique Weapon Boutique.
 42303 | Vaults:4 | Noticed Margery
 42313 | Vaults:4 | Killed Margery
 42842 | Vaults:4 | Received a gift from Okawaru
 43100 | Vaults:4 | Reached XP level 21. HP: 177/202 MP: 27/27
 43343 | Vaults:5 | Entered Level 5 of the Vaults
 43343 | Vaults:5 | Noticed a golden dragon
 43351 | Vaults:5 | Noticed a golden dragon
 43356 | Vaults:4 | Received a gift from Okawaru
 43630 | Vaults:5 | Killed a golden dragon
 43633 | Vaults:4 | Killed a golden dragon
 43874 | Vaults:5 | Received a gift from Okawaru
 43880 | Vaults:5 | Noticed a dread lich
 43884 | Vaults:5 | Noticed a golden dragon
 43960 | Vaults:5 | Paralysed by a dread lich for 4 turns
 43966 | Vaults:4 | Killed a dread lich
 43969 | Vaults:4 | Killed a golden dragon
 44271 | Vaults:5 | Received a gift from Okawaru
 44377 | Vaults:5 | Got a silver rune of Zot
 44433 | Vaults:5 | Noticed an ancient lich
 44440 | Vaults:5 | Killed an ancient lich
 44807 | Vaults:5 | Received a gift from Okawaru
 45131 | Vaults:5 | Noticed a dread lich
 45134 | Vaults:5 | Killed a dread lich
 45135 | Vaults:5 | Reached XP level 22. HP: 213/213 MP: 28/28
 45164 | Vaults:5 | Found Waishraro's Distillery.
 45182 | Vaults:5 | Bought a potion of curing for 60 gold pieces
 45182 | Vaults:5 | Bought a potion of enlightenment for 100 gold pieces
 45182 | Vaults:5 | Bought a potion of enlightenment for 100 gold pieces
 45182 | Vaults:5 | Bought a potion of enlightenment for 100 gold pieces
 45182 | Vaults:5 | Bought a potion of curing for 60 gold pieces
 45182 | Vaults:5 | Bought a potion of might for 80 gold pieces
 45194 | Vaults:5 | Found Niecw's Distillery.
 45198 | Vaults:5 | Bought a potion of curing for 57 gold pieces
 45198 | Vaults:5 | Bought a potion of enlightenment for 95 gold pieces
 45198 | Vaults:5 | Bought a potion of berserk rage for 95 gold pieces
 45198 | Vaults:5 | Bought a potion of ambrosia for 152 gold pieces
 45198 | Vaults:5 | Bought a potion of might for 76 gold pieces
 45198 | Vaults:5 | Bought a potion of invisibility for 152 gold pieces
 45198 | Vaults:5 | Bought a potion of berserk rage for 95 gold pieces
 45198 | Vaults:5 | Bought a potion of heal wounds for 95 gold pieces
 45206 | Vaults:5 | Found Nuvupore's Distillery.
 45211 | Vaults:5 | Bought a potion of heal wounds for 70 gold pieces
 45211 | Vaults:5 | Bought a potion of mutation for 112 gold pieces
 45211 | Vaults:5 | Bought 2 potions of heal wounds for 140 gold pieces
 45211 | Vaults:5 | Bought a potion of curing for 42 gold pieces
 45211 | Vaults:5 | Bought a potion of haste for 140 gold pieces
 45242 | Vaults:5 | Acquired a manual of Shapeshifting
 46125 | Vaults:5 | Identified the staff of the Hurtling Vulture {rPois rN+
                  | Hexes Necro}
 46459 | Elf:1    | Entered Level 1 of the Elven Halls
 46533 | Elf:1    | Received a gift from Okawaru
 46719 | Elf:1    | Noticed Louise
 46726 | Elf:1    | Killed Louise
 46796 | Elf:1    | Found a huge runed translucent gate.
 46796 | Elf:1    | Found a huge runed translucent gate.
 46798 | Elf:1    | Found a huge runed translucent gate.
 46798 | Elf:1    | Found a huge runed translucent gate.
 46801 | Elf:1    | Found a huge runed translucent gate.
 46801 | Elf:1    | Found a huge runed translucent gate.
 46801 | Elf:1    | Found a huge runed translucent gate.
 46801 | Elf:1    | Found a huge runed translucent gate.
 46801 | Elf:1    | Found a huge runed translucent gate.
 46801 | Elf:1    | Found a huge runed translucent gate.
 46801 | Elf:1    | Found a huge runed translucent gate.
 46801 | Elf:1    | Found a huge runed translucent gate.
 46806 | Elf:1    | Found a huge runed translucent gate.
 46806 | Elf:1    | Found a huge runed translucent gate.
 46806 | Elf:1    | Found a huge runed translucent gate.
 46806 | Elf:1    | Found a huge runed translucent gate.
 46806 | Elf:1    | Found a huge runed translucent gate.
 46806 | Elf:1    | Found a huge runed translucent gate.
 46807 | Elf:1    | Found a huge runed translucent gate.
 46807 | Elf:1    | Found a huge runed translucent gate.
 47105 | Elf:1    | Acquired 888 gold pieces
 47288 | Elf:1    | Found Kuxacs's Jewellery Shop.
 47704 | Elf:2    | Found Onaepn's Armour Boutique.
 47710 | Elf:2    | Noticed Azrael
 47717 | Elf:2    | Killed Azrael
 47720 | Elf:2    | Found Moirat's Distillery.
 47739 | Elf:2    | Bought a potion of heal wounds for 60 gold pieces
 47739 | Elf:2    | Bought a potion of resistance for 120 gold pieces
 47739 | Elf:2    | Bought a potion of might for 48 gold pieces
 47739 | Elf:2    | Bought a potion of might for 48 gold pieces
 47739 | Elf:2    | Bought a potion of heal wounds for 60 gold pieces
 47739 | Elf:2    | Bought a potion of heal wounds for 60 gold pieces
 47739 | Elf:2    | Bought a potion of mutation for 96 gold pieces
 47739 | Elf:2    | Bought a potion of curing for 36 gold pieces
 47739 | Elf:2    | Bought a potion of might for 48 gold pieces
 47792 | Elf:2    | Identified the serpent talisman of Eternal Night {rF++
                  | Str+2 Dex+3}
 47792 | Elf:2    | Noticed Aizul
 47801 | Elf:2    | Killed Aizul
 47936 | Elf:2    | Found a runed translucent gate.
 47936 | Elf:2    | Found a runed translucent gate.
 47936 | Elf:2    | Found a runed translucent gate.
 48374 | Elf:2    | Received a gift from Okawaru
 48933 | Elf:3    | Entered Level 3 of the Elven Halls
 49403 | Elf:3    | Paralysed by an air elemental for 1 turns
 49405 | Elf:3    | Paralysed by an air elemental for 1 turns
 49607 | Elf:3    | Saved by the dreamshard amulet
 49970 | Elf:3    | Received a gift from Okawaru
 50087 | Elf:3    | Reached XP level 23. HP: 159/224 MP: 29/29
 50492 | Elf:3    | Identified the +4 falchion "Walomejafa" {venom, Will++
                  | Str-2 Int+2 Stlth+}
 50898 | Elf:3    | Identified the staff of Toteror {rF+ rC+ Will- rCorr Str+3
                  | Fire}
 50898 | Elf:3    | Identified the ring "Berphiur" {rElec AC+4 Int+5 Slay+3}
 51215 | Elf:3    | Identified the +4 scale mail of the Stone Wall {Fly rF-
                  | rN++ Stlth-}
 51283 | Elf:3    | Got the Tome of Generation and Ashes
 51334 | Elf:3    | Upgraded the game from 0.31-a0-1597-ge7908ec95f to
                  | 0.31-a0-1606-g60c5cc7444
 51764 | Crypt:1  | Entered Level 1 of the Crypt
 51780 | Crypt:1  | Received a gift from Okawaru
 52402 | Crypt:1  | Received a gift from Okawaru
 52412 | Crypt:1  | Identified the ring "Qocaeff" {rPois rF+++ rCorr Int-4
                  | SInv}
 53719 | Crypt:3  | Entered Level 3 of the Crypt
 53982 | Crypt:3  | Received a gift from Okawaru
 54280 | Crypt:3  | Identified the staff of Caschimp {rC+ rN+ Str+3 Necro}
 54404 | Crypt:3  | Identified the amulet of Contentment {Spirit Will++ rCorr
                  | Dex+3}
 54494 | Crypt:3  | Found a staircase to the Tomb.
 54746 | Crypt:3  | Reached XP level 24. HP: 230/235 MP: 29/29
 54969 | Crypt:3  | Found an ancient bone altar of Kikubaaqudgha.
 54982 | Crypt:3  | Received a gift from Okawaru
 55008 | Crypt:3  | Noticed a dread lich
 55014 | Crypt:3  | Killed a dread lich
 55528 | Depths:1 | Entered Level 1 of the Depths
 55644 | Depths:1 | Noticed a dread lich
 55655 | Depths:1 | Killed a dread lich
 56084 | Depths:1 | Found Acol's Magic Scroll Shop.
 56087 | Depths:1 | Bought 2 scrolls of immolation for 96 gold pieces
 56087 | Depths:1 | Bought a scroll of teleportation for 36 gold pieces
 56087 | Depths:1 | Bought a scroll of immolation for 48 gold pieces
 56194 | Depths:1 | Found a one-way gateway to a ziggurat.
 56290 | Depths:1 | Received a gift from Okawaru
 56357 | Depths:1 | Found a gateway to Hell.
 57229 | Depths:2 | Received a gift from Okawaru
 57305 | Depths:2 | Identified the ring "Deukiese" {+Blink Will+ Str+6 Int+2}
 57339 | Depths:2 | Received a gift from Okawaru
 58407 | Depths:2 | Reached XP level 25. HP: 243/247 MP: 29/29
 58518 | Depths:2 | Noticed a juggernaut
 58524 | Depths:2 | Killed a juggernaut
 58656 | Depths:2 | Identified the +3 leather armour of Duclic {Dex+3 SInv}
 58772 | Depths:2 | Identified the ring of the Genius {rF- rC+ rCorr Int+4
                  | Stlth+}
 58790 | Depths:2 | Found a one-way gate leading to the halls of Pandemonium.
 58924 | Depths:3 | Received a gift from Okawaru
 59575 | Depths:3 | Found a hazy altar of Hepliaklqana.
 59728 | Depths:4 | Entered Level 4 of the Depths
 59739 | Depths:4 | Noticed Boris
 59745 | Depths:4 | Identified the orb "Dumoigga" {*channel, rC- Regen+ Dex+2}
 59745 | Depths:4 | Noticed Frederick
 59750 | Depths:4 | Received a gift from Okawaru
 59756 | Depths:4 | Killed Boris
 59757 | Depths:4 | Killed Frederick
 60307 | Depths:4 | Received a gift from Okawaru
 60867 | Depths:4 | Reached skill level 27 in Shields
 60925 | Depths:4 | Received a gift from Okawaru
 60934 | Depths:4 | Reached XP level 26. HP: 132/258 MP: 29/29
 61189 | Depths:4 | Found a corrupted altar of Lugonu.
 61517 | Depths:4 | Found a runed translucent gate.
 61518 | Depths:4 | Found a runed translucent gate.
 61519 | Depths:4 | Found a runed translucent gate.
 61520 | Depths:4 | Found an opulent altar of Gozag.
 61520 | Depths:4 | Noticed a dread lich
 61521 | Depths:4 | Found Joetyerph's Assorted Antiques.
 61522 | Depths:4 | Noticed Macafuodgh's ghost (adept DECj)
 61536 | Depths:4 | Killed a dread lich
 61537 | Depths:4 | Killed Macafuodgh's ghost
 61567 | Depths:4 | Bought a potion of curing for 93 gold pieces
 61567 | Depths:4 | Bought a potion of invisibility for 248 gold pieces
 61637 | Depths:4 | Found a gate to the Realm of Zot.
 61649 | Depths:4 | Received a gift from Okawaru
 62351 | Slime:1  | Entered Level 1 of the Pits of Slime
 62541 | Slime:5  | Entered Level 5 of the Pits of Slime
 62718 | Slime:5  | Gained mutation: Your health recovers twice as slowly from
                  | being drained. [a shining eye]
 62721 | Slime:5  | Gained mutation: You are vulnerable to heat. (rF-) [a
                  | shining eye]
 62724 | Slime:5  | Gained mutation: You are frail. (-10% HP) [a shining eye]
 62733 | Slime:5  | Gained mutation: Potions are less effective at restoring
                  | your health. [a shining eye]
 62743 | Slime:5  | Received a gift from Okawaru
 62750 | Slime:5  | Noticed the Royal Jelly
 62766 | Slime:5  | Killed the Royal Jelly
 63168 | Slime:5  | Gained mutation: You are occasionally teleported next to
                  | monsters. [a shining eye]
 63169 | Slime:5  | Gained mutation: You occasionally lose the ability to read
                  | scrolls when taking damage. [a shining eye]
 63308 | Slime:5  | Identified the staff of the Unliving {rF+ Str+3 Stlth+
                  | Fire}
 63322 | Slime:5  | Identified the ring of Votsim {rPois Will+ Int+6 Dex-5}
 63338 | Slime:5  | Identified the +2 falchion "Jopsipp" {freeze, rElec rC+
                  | rN+}
 63352 | Slime:5  | Got a slimy rune of Zot
 63353 | Slime:5  | Identified the +5 orcbow of Division {drain, rN+ Dex+3
                  | Stlth-}
 63374 | Slime:5  | Identified the +7 chain mail "Bawet" {MP+9 Int+4 Dex-4
                  | Slay+4}
 63395 | Slime:5  | Identified the +2 chain mail of Dogmatism {rPois Int+8
                  | Dex-3 Slay+3}
 63427 | Slime:5  | Identified the staff "Viwubry" {rN+ Str+6 Necro Fire}
 63680 | Lair:4   | Lost mutation: Your health recovers twice as slowly from
                  | being drained. [potion of mutation]
 63680 | Lair:4   | Lost mutation: You are occasionally teleported next to
                  | monsters. [potion of mutation]
 63680 | Lair:4   | Lost mutation: You have sharp toenails. [potion of
                  | mutation]
 63680 | Lair:4   | Gained mutation: You have sharp toenails. [potion of
                  | mutation]
 63681 | Lair:4   | Lost mutation: You occasionally lose the ability to read
                  | scrolls when taking damage. [potion of mutation]
 63681 | Lair:4   | Lost mutation: You are vulnerable to heat. (rF-) [potion of
                  | mutation]
 63681 | Lair:4   | Lost mutation: Potions are less effective at restoring your
                  | health. [potion of mutation]
 63681 | Lair:4   | Gained mutation: You are covered in fur. (AC +1) [potion of
                  | mutation]
 63682 | Lair:4   | Lost mutation: You are covered in fur. (AC +1) [potion of
                  | mutation]
 63682 | Lair:4   | Lost mutation: You have sharp toenails. [potion of
                  | mutation]
 63682 | Lair:4   | Lost mutation: You are agile. (Dex +4, Str/Int -1) [potion
                  | of mutation]
 63682 | Lair:4   | Gained mutation: [Armour fits poorly on your strangely
                  | shaped body.] [potion of mutation]
 63683 | Lair:4   | Lost mutation: You are frail. (-10% HP) [potion of
                  | mutation]
 63683 | Lair:4   | Lost mutation: [Armour fits poorly on your strangely shaped
                  | body.] [potion of mutation]
 63683 | Lair:4   | Gained mutation: Your health recovers twice as slowly from
                  | being drained. [potion of mutation]
 63684 | Lair:4   | Lost mutation: Your health recovers twice as slowly from
                  | being drained. [potion of mutation]
 63684 | Lair:4   | Gained mutation: Your skin changes colour to match your
                  | surroundings (Stealth+). [potion of mutation]
 63684 | Lair:4   | Gained mutation: You expend magic power (3 MP) to
                  | strengthen your wands. [potion of mutation]
 64113 | Zig:1    | Entered Level 1 of a ziggurat
 64131 | Zig:2    | Entered Level 2 of a ziggurat
 64155 | Zig:2    | Identified the +4 robe of Hasodum {rC- Int+2 Slay+2}
 64165 | Zig:3    | Entered Level 3 of a ziggurat
 64196 | Zig:4    | Entered Level 4 of a ziggurat
 64223 | Zig:5    | Entered Level 5 of a ziggurat
 64255 | Zig:5    | Identified the +1 leather armour "Zulosuf" {*Slow Int+2
                  | Dex+4 Slay+5}
 64259 | Zig:5    | Got Anoebraes's Precepts of Turbulent Generation
 64479 | Zig:6    | Entered Level 6 of a ziggurat
 64527 | Zig:7    | Entered Level 7 of a ziggurat
 64532 | Zig:7    | Noticed Nypon the pandemonium lord
 64545 | Zig:7    | Killed Nypon the pandemonium lord
 64554 | Zig:7    | Received a gift from Okawaru
 64577 | Zig:7    | Reached XP level 27. HP: 246/270 MP: 29/29
 64585 | Zig:8    | Entered Level 8 of a ziggurat
 64618 | Zig:8    | Noticed a dread lich
 64625 | Zig:8    | Gained mutation: You are occasionally teleported next to
                  | monsters. [a cacodemon]
 64631 | Zig:8    | Killed a dread lich
 64647 | Zig:8    | Identified the staff "Veow" {rC+ Str+4 Ice}
 64656 | Zig:8    | Identified the +2 ring mail "Rucsoam" {^Drain rF- Int+3
                  | Slay+5}
 64665 | Zig:9    | Entered Level 9 of a ziggurat
 64761 | Zig:9    | Identified the amulet of Xinohul {RegenMP *Corrode rPois
                  | rC+ Str+2 Int+4}
 64770 | Zig:10   | Entered Level 10 of a ziggurat
 65093 | Zig:10   | Reached skill level 27 in Fighting
 65093 | Zig:10   | Reached skill level 27 in Axes
 65093 | Zig:10   | Reached skill level 27 in Armour
 65107 | Zig:11   | Entered Level 11 of a ziggurat
 65116 | Zig:11   | Gained mutation: [You are weak. (Str -2)] [a shining eye]
 65128 | Zig:11   | Received a gift from Okawaru
 65475 | Zig:11   | Identified the ring of Qimafeuv {Will+ Int+6}
 65495 | Zig:12   | Entered Level 12 of a ziggurat
 65509 | Zig:12   | Reached skill level 27 in Dodging
 65550 | Zig:12   | Got the Handbook of Detritus
 65809 | Zot:1    | Entered Level 1 of the Realm of Zot
 65816 | Zot:1    | Reached skill level 5 in Shapeshifting
 65844 | Zot:1    | Received a gift from Okawaru
 66144 | Zot:1    | Found a runed translucent gate.
 66144 | Zot:1    | Found a runed translucent gate.
 66145 | Zot:1    | Found a runed translucent gate.
 66145 | Zot:1    | Identified the staff "Beitunwo" {rC++ rN+ Int+3 Necro}
 66146 | Zot:1    | Noticed Raoschyll's ghost (legendary FoHu)
 66147 | Zot:1    | Identified the +1 executioner's axe of the Peculiar Curses
                  | {drain, Str+4 Int-4}
 66686 | Zot:1    | Reached skill level 10 in Shapeshifting
 66688 | Zot:1    | Killed Raoschyll's ghost
 66882 | Zot:1    | Identified the +0 pair of gloves of Subjectivity {Harm
                  | rPois}
 66911 | Zot:2    | Received a gift from Okawaru
 67259 | Zot:2    | Noticed an orb of fire
 67266 | Zot:2    | Gained mutation: You occasionally lose the ability to drink
                  | potions when taking damage. [an orb of fire]
 67267 | Zot:2    | Gained mutation: Your body sometimes deteriorates upon
                  | taking damage. [an orb of fire]
 67268 | Zot:2    | Gained mutation: [You sometimes lose your temper in
                  | combat.] [an orb of fire]
 67271 | Zot:2    | Gained mutation: You are often teleported next to monsters.
                  | [an orb of fire]
 67273 | Zot:2    | Gained mutation: You occasionally lose the ability to read
                  | scrolls when taking damage. [an orb of fire]
 67277 | Zot:2    | Killed an orb of fire
 67494 | Zot:1    | Lost mutation: [You are weak. (Str -2)] [potion of
                  | mutation]
 67494 | Zot:1    | Lost mutation: You occasionally lose the ability to read
                  | scrolls when taking damage. [potion of mutation]
 67494 | Zot:1    | Lost mutation: Your body sometimes deteriorates upon taking
                  | damage. [potion of mutation]
 67494 | Zot:1    | Gained mutation: Your spells are a little harder to cast,
                  | but a little more powerful. [potion of mutation]
 67494 | Zot:1    | Gained mutation: You have a somewhat thin skeletal
                  | structure. (Dex +2, Stealth+) [potion of mutation]
 67495 | Zot:1    | Lost mutation: You have a somewhat thin skeletal structure.
                  | (Dex +2, Stealth+) [potion of mutation]
 67495 | Zot:1    | Lost mutation: You are often teleported next to monsters.
                  | [potion of mutation]
 67495 | Zot:1    | Lost mutation: Your spells are a little harder to cast, but
                  | a little more powerful. [potion of mutation]
 67495 | Zot:1    | Gained mutation: You sometimes lose the ability to drink
                  | potions when taking damage. [potion of mutation]
 67496 | Zot:1    | Lost mutation: You are occasionally teleported next to
                  | monsters. [potion of mutation]
 67496 | Zot:1    | Lost mutation: Your skin changes colour to match your
                  | surroundings (Stealth+). [potion of mutation]
 67496 | Zot:1    | Lost mutation: You sometimes lose the ability to drink
                  | potions when taking damage. [potion of mutation]
 67496 | Zot:1    | Gained mutation: You have sharp fingernails. [potion of
                  | mutation]
 67497 | Zot:1    | Lost mutation: You occasionally lose the ability to drink
                  | potions when taking damage. [potion of mutation]
 67497 | Zot:1    | Lost mutation: You have sharp fingernails. [potion of
                  | mutation]
 67497 | Zot:1    | Gained mutation: You occasionally shout uncontrollably at
                  | your foes. [potion of mutation]
 67497 | Zot:1    | Gained mutation: You passively map a small area around you.
                  | [potion of mutation]
 67651 | Zot:2    | Received a gift from Okawaru
 67654 | Zot:2    | Noticed an orb of fire
 67656 | Zot:2    | Gained mutation: You are clumsy. (Dex -2) [an orb of fire]
 67658 | Zot:2    | Gained mutation: Your body sometimes deteriorates upon
                  | taking damage. [an orb of fire]
 67665 | Zot:2    | Killed an orb of fire
 68083 | Zot:2    | Identified the staff "Diviell" {*Corrode rC+ Int+5 Ice
                  | Earth}
 69079 | Zot:3    | Received a gift from Okawaru
 69825 | Zot:4    | Reached skill level 15 in Shapeshifting
 69875 | Zot:4    | Received a gift from Okawaru
 70329 | Zot:4    | Identified the staff of Corporal Punishment {rC+ Will-
                  | rCorr Str+6 Int+4 Ice}
 70683 | Zot:5    | Entered Level 5 of the Realm of Zot
 70684 | Zot:5    | Upgraded the game from 0.31-a0-1606-g60c5cc7444 to
                  | 0.31-a0-1612-g4aaf141004
 70685 | Zot:5    | Upgraded the game from 0.31-a0-1612-g4aaf141004 to
                  | 0.31-a0-1616-gbeaec30b81
 70734 | Zot:5    | Found a transporter.
 70819 | Zot:5    | Identified the +8 broad axe of Pandemonium {holy, Str+6
                  | Int+3 Dex-4 SInv}
 70830 | Zot:5    | Identified the +3 cloak of Macaroni {rPois Dex+2}
 70833 | Zot:5    | Noticed Kapop's ghost (legendary GrMo)
 70841 | Zot:5    | Found a bloodstained altar of Trog.
 70847 | Zot:5    | Identified the +0 cloak of Futwe {Dex+4}
 70866 | Zot:5    | Noticed an orb of fire
 70866 | Zot:5    | Noticed an orb of fire
 70866 | Zot:5    | Noticed an orb of fire
 70866 | Zot:5    | Noticed a dread lich
 70867 | Zot:5    | Noticed an ancient lich
 70875 | Zot:5    | Noticed an ancient lich
 70886 | Zot:5    | Found a transporter.
 70909 | Zot:5    | HP: 13/263 [Orb Guardian (23)]
 70909 | Zot:5    | HP: 6/263 [Orb Guardian (7)]
 71332 | Zot:5    | Received a gift from Okawaru
 71347 | Zot:5    | Noticed an ancient lich
 71350 | Zot:5    | Killed an ancient lich
 71358 | Zot:5    | Killed an ancient lich
 71365 | Zot:5    | Gained mutation: [You are dopey. (Int -2)] [an orb of fire]
 71367 | Zot:5    | Killed an orb of fire
 71412 | Zot:5    | Gained mutation: You are frail. (-10% HP) [an orb of fire]
 71420 | Zot:5    | Killed an orb of fire
 71463 | Zot:5    | Noticed an orb of fire
 71463 | Zot:5    | Gained mutation: Your health recovers twice as slowly from
                  | being drained. [an orb of fire]
 71472 | Zot:5    | Gained mutation: Your body often deteriorates upon taking
                  | damage. [an orb of fire]
 71473 | Zot:5    | Killed an orb of fire
 71519 | Zot:5    | Noticed an orb of fire
 71524 | Zot:5    | Noticed an ancient lich
 71528 | Zot:5    | Noticed an orb of fire
 71531 | Zot:5    | Killed an orb of fire
 71878 | Zot:5    | Gained mutation: [Armour fits poorly on your strangely
                  | shaped body.] [an orb of fire]
 71879 | Zot:5    | Gained mutation: [Your spells are a little easier to cast,
                  | but a little less powerful.] [an orb of fire]
 71881 | Zot:5    | Killed an orb of fire
 71881 | Zot:5    | Killed an ancient lich
 71882 | Zot:5    | Gained mutation: You are vulnerable to heat. (rF-) [an orb
                  | of fire]
 71884 | Zot:5    | Killed an orb of fire
 71884 | Zot:5    | Received a gift from Okawaru
 72054 | Zot:5    | Killed an ancient lich
 72270 | Zot:5    | Killed Kapop's ghost
 72510 | Zot:5    | Noticed an orb of fire
 72727 | Zot:5    | Lost mutation: [You are dopey. (Int -2)] [an orb of fire]
 72729 | Zot:5    | Killed an orb of fire
 72852 | Zot:5    | Identified the +3 lajatang of Xyfabeav {drain, rElec Str+3}
 72886 | Zot:5    | Received a gift from Okawaru
 72905 | Zot:5    | Noticed a dread lich
 73301 | Zot:5    | Killed a dread lich
 73645 | Zot:5    | Killed a dread lich
 73697 | Zot:5    | Received a gift from Okawaru
 73922 | Zot:5    | Lost mutation: [Armour fits poorly on your strangely shaped
                  | body.] [potion of mutation]
 73922 | Zot:5    | Lost mutation: You are vulnerable to heat. (rF-) [potion of
                  | mutation]
 73922 | Zot:5    | Gained mutation: Your flesh is cold resistant. (rC+)
                  | [potion of mutation]
 73923 | Zot:5    | Lost mutation: You occasionally shout uncontrollably at
                  | your foes. [potion of mutation]
 73923 | Zot:5    | Lost mutation: [Your spells are a little easier to cast,
                  | but a little less powerful.] [potion of mutation]
 73923 | Zot:5    | Lost mutation: You are clumsy. (Dex -2) [potion of
                  | mutation]
 74575 | D:8      | Upgraded the game from 0.31-a0-1616-gbeaec30b81 to 0.32-a0
 74705 | Lair:5   | Voluntarily entered the Abyss.
 75030 | Abyss:2  | Found a corrupted altar of Lugonu.
 75119 | Abyss:3  | Found a corrupted altar of Lugonu.
 75120 | Abyss:3  | Found a corrupted altar of Lugonu.
 75168 | Abyss:3  | Found a corrupted altar of Lugonu.
 75180 | Abyss:3  | Found a corrupted altar of Lugonu.
 75207 | Abyss:3  | Found a corrupted altar of Lugonu.
 75207 | Abyss:3  | Found a corrupted altar of Lugonu.
 75862 | Abyss:3  | Received a gift from Okawaru
 75885 | Abyss:3  | HP: 8/245 [starcursed mass/accursed screaming (8)]
 76220 | Abyss:4  | Found a corrupted altar of Lugonu.
 76230 | Abyss:4  | Got an abyssal rune of Zot
 76232 | Abyss:4  | HP: 12/245 [meliai/divine providence (8)]
 76237 | Abyss:4  | Killed from afar by a wretched star

Illustrated notes

Levels and vault maps discovered:
D:1:      heliophobic_arrival_ceremonial_halls, layout_loops_ring,
          minmay_strange_pillars, minmay_domino_2
D:2:      layout_rooms, corner_web_ring, minivault_23,
          small_statue_intersection, uniq_crazy_yiuf_cottage, uniq_sigmund
D:3:      layout_rooms, chequers_serial_rivers_room_a, uniq_natasha, uniq_robin
D:4:      layout_basic
D:5:      layout_layer_cave, minmay_temple_entry_waves, hex_large
D:6:      layout_loops_cross
D:7:      layout_loops_corners, nicolae_ru_path_of_blood,
          grunt_temple_overflow_order_and_chaos_2
D:8:      layout_basic, mainiacjoe_overflow_alcove_2, amcnicky_altar_gilded,
          hellmonk_lair_entry_icy, serial_shops, nicolae_lakefront_shop,
          minivault_25
D:9:      layout_irregular_city, lemuel_doored_altar, enter_bailey_8,
          hex_medium, kennysheep_windowed_goal
D:10:     layout_rooms, vehumet_altar_wand_db, xom_teletrap_fun,
          hangedman_decor_growths, kennysheep_potato, uniq_erica
D:11:     layout_basic, dk_noncrumbling_4
D:12:     layout_gridville, hiddenorc1_lemuel, gauntlet_entry_generic
D:13:     layout_cave_pools, hellmonk_vaults_attempted_burglary,
          gammafunk_ghost_hydra_chop, serial_shops,
          nicolae_shop_pleasant_corner_grove, fountainhead
D:14:     layout_cave_pools, ebering_ghost_funeral_grove,
          pdpol_wu_jian_five_deadly_venoms
D:15:     gammafunk_enter_depths_forms, layout_stronghold, nemelex_altar_shiori
Temple:   dpeg_chambers_temple
Lair:1:   layout_regular_city, eino_small_chamber_without_monster,
          dpeg_stationary_puzzle
Lair:2:   layout_gridlike, minmay_swamp_entry_worms,
          nicolae_snake_entry_warm_welcome
Lair:3:   layout_layer_cave
Lair:4:   layout_cellular_growth, dpeg_slime_entry_enclosed, grunt_megastairs_4,
          serial_bayou_shore_b, lemuel_fruit_tree, lemuel_fruit_fields
Lair:5:   hellmonk_lair_end_abyssal_woods, layout_regular_city,
          ebering_ghost_rock_garden, gammafunk_lair_bear_cave
Swamp:1:  layout_basic_swamp, evilmike_swamp_ruin_wall, swamp_pool_1_2,
          nicolae_swamp_spriggan_camp
Swamp:2:  nicolae_swamp_ascending_descending_big, layout_basic_swamp,
          evilmike_swamp_ruin_house_3
Swamp:3:  layout_basic_swamp, gammafunk_ghost_split,
          evilmike_swamp_ruin_rubble_1, swamp_pool_1_2, nicolae_swamp_big_swirl,
          hangedman_swamp_phenomena
Swamp:4:  swamp_alternative, layout_basic_swamp, swamp_pool_4,
          nzn_swamp_dancing_lights, uniq_mlioglotl
Snake:1:  gammafunk_sealed_arena, layout_layer_cave,
          nicolae_snake_herptile_family_reunion
Snake:2:  layout_layer_cave, nicolae_snake_bzzzt
Snake:3:  layout_onion, nicolae_snake_naga_rites, serial_bayou_shore_a
Snake:4:  grunt_snake_rune_serpentine_throne, layout_onion, st_stairs_1
Slime:1:  layout_caves, nicolae_slime_phagocytosis
Slime:2:  cheibrodos_slime_lost_civilization_9, layout_caves
Slime:3:  layout_caves
Slime:4:  layout_caves
Slime:5:  slime_pit_nicolae_royal_road_to_ruin
Orc:1:    layout_caves, basic_altar
Orc:2:    grunt_orc_cross, layout_caves, gammafunk_ghost_fury_of_okawaru
Elf:1:    eino_elf_arrival_customs, layout_gridlike, serial_shops, shop,
          hangedman_elf_represent, solitary_fountain, uniq_louise
Elf:2:    elven_hall_of_blades_hangedman_original
          [nicolae_blade_entry_area_security], layout_geoelf_diagonals,
          minmay_shoptagon, uniq_aizul, uniq_azrael
Elf:3:    minmay_elf_hall_x, layout_geoelf_grid, corexii_leaking_fountain
Vaults:1: gammafunk_ghost_crypt, nicolae_vaults_network_barrier,
          st_greater_box_4, ontoclasm_vaults_ring_small, hangedman_vaults_nails,
          vaults_mumra_lcd, nicolae_vaults_swerve, nicolae_vaults_specimen_jars,
          nicolae_vaults_two_Ls, nicolae_vaults_six-pack,
          nicolae_vaults_heart-shaped_vault, nicolae_vaults_network_square,
          nicolae_vaults_network_s, layout_vaults_maze
Vaults:2: nicolae_vaults_meeting, nicolae_vaults_trapezoid_4,
          hangedman_vaults_locks, nicolae_vaults_twisting_passages,
          nicolae_vaults_door_testing_chamber, grunt_vaults_hallway_long,
          ontoclasm_vaults_pinch, hangedman_vaults_cutoff, v_misc_19,
          layout_vaults_ring, serial_shops, nicolae_shop_hallway_plus
Vaults:3: minmay_crypt_entry_simple_plaza, nicolae_vaults_rhombus_7,
          nicolae_vaults_angled_halls, v_rooms_6,
          nicolae_vaults_trapezoid_lopsided_4, nicolae_vaults_little_squares_3,
          grunt_vaults_focal, nicolae_vaults_stepped_doors, v_alt_pattern_6,
          vaults_dpeg_emergency_exit, layout_vaults_omnigrid, serial_shops,
          nicolae_shop_stone, uniq_saint_roka, uniq_jory
Vaults:4: portal_desolation_entry_twin_temple, nicolae_vaults_wine_cellar,
          hangedman_vaults_nails, nicolae_vaults_bisected_inception, v_misc_22,
          v_rooms_5, nicolae_vaults_little_squares_4, v_alt_pattern_2,
          v_misc_10, vaults_dpeg_ring, nicolae_vaults_house_3,
          ontoclasm_vaults_decontamination, layout_vaults_omnicross,
          serial_shops, shop, uniq_margery
Vaults:5: serial_shops
Crypt:1:  grunt_deathspiral_small, layout_gridlike, minivault_14
Crypt:2:  layout_basic, minmay_misc_feat_hallway, lemuel_statue_altar
Crypt:3:  quadcrypt_mu
Depths:1: bobbens_index_wilting_gardens, layout_gridville, enter_ziggurat_a,
          hellmouth_1, serial_shops, kennysheep_mini, kennysheep_minor_cross
Depths:2: box_level_dp, hell_entry, pan_entry
Depths:3: nicolae_BIG_FREAKIN_CUBE, layout_cave_shapes,
          hangedman_abyss_or_decor_jellyfish_corner,
          hangedman_abyss_entry_splay, pan_entry, pf_vacation_house_of_asmodeus,
          worldfamousw_hep_ancestral_shrine
Depths:4: lemuel_castle_with_subvaults [lemuel_castle_interior_carwin_2],
          layout_twisted_cross, ebering_ghost_gozag, abyss_entry_flame_altar,
          grunt_metal_band, minmay_misc_feat_tower, minmay_pinched_square,
          uniq_frederick, uniq_boris
Zot:1:    layout_misc_corridors, gammafunk_ghost_tricky_traps
Zot:2:    kennysheep_oblong_rooms, layout_cellular_growth, st_stairs_6
Zot:3:    layout_basic, regret_index_zotdec_gossamer_parallel
Zot:4:    layout_misc_corridors, hangedman_elemental_corridor
Zot:5:    layout_concentric_octagons, gammafunk_ghost_wrathful_warriors
Abyss:4:  base: Dis:4, evilmike_abyss_exit_13, spicy_pingpong_abyss_rune,
          grunt_abyss_rune_wretched_hive

Skill      XL: |  1  2  3  4  5  6  7  8  9 10 11 12 13 14 15 16 17 18 19 20 21 22 23 24 25 26 27 |
---------------+----------------------------------------------------------------------------------+-----
Dodging        | 1 2 3 4 5 7 8 9 10 12 13 14 15 16 17 18 19 20 22 23 24 25 27 | 27.0
Shields        | 4 5 6 7 8 10 11 12 13 14 15 16 17 18 19 20 21 22 24 25 27 | 27.0
Fighting       | 4 5 6 7 8 9 11 12 13 14 15 16 17 18 19 20 21 22 23 24 25 26 27 | 27.0
Armour         | 4 5 6 7 8 9 11 12 13 14 15 16 17 18 19 20 21 22 23 24 25 26 27 | 27.0
Axes           | 3 4 5 6 8 9 10 12 13 14 15 16 17 18 19 20 21 22 23 24 25 26 27 | 27.0
Invocations    | 4 10 | 10.0
Shapeshifting  | 19 | 19.9

Action                     |  1- 3 |  4- 6 |  7- 9 | 10-12 | 13-15 | 16-18 | 19-21 | 22-24 | 25-27 || total
---------------------------+-------+-------+-------+-------+-------+-------+-------+-------+-------++-------
  Melee: War axe           |    83 |     4 |       |     5 |       |       |       |       |       ||    92
         Headbutt          |     6 |    14 |    32 |   110 |   158 |   219 |   272 |   355 |   565 ||  1731
         Mace              |       |    86 |   140 |   418 |       |       |       |       |       ||   644
         Broad axe         |       |       |       |    32 |   501 |   600 |   661 |   955 |  1318 ||  4067
 Invoke: Heroism           |       |       |       |     1 |     3 |     6 |     5 |     6 |    15 ||    36
         Receive Weapon    |       |       |       |     1 |       |       |       |       |       ||     1
  Evoke: Wand              |       |       |    14 |     1 |       |     8 |       |     7 |     5 ||    35
    Use: Scroll            |     5 |     3 |     2 |    15 |    14 |     8 |     4 |    15 |    25 ||    91
         Potion            |       |     1 |       |     9 |     1 |     8 |     3 |    11 |    51 ||    84
   Stab: Distracted        |       |       |       |       |       |     1 |       |       |       ||     1
 Armour: Scale mail        |    63 |    72 |    49 |       |       |       |       |       |       ||   184
         Chain mail        |       |       |    64 |   525 |   373 |   522 |   326 |   385 |  1092 ||  3287
         Skin              |       |       |       |     4 |       |       |       |       |       ||     4
  Dodge: Dodged            |    26 |    53 |    78 |   336 |   441 |   705 |   421 |   584 |   858 ||  3502
  Block: Buckler           |    14 |    16 |    38 |   238 |   243 |   354 |    10 |       |       ||   913
         Kite shield       |       |       |       |       |       |       |   626 |   855 |  1275 ||  2756
Riposte: Mace              |       |       |       |    22 |       |       |       |       |       ||    22
         Broad axe         |       |       |       |    11 |   159 |   198 |   231 |   336 |   505 ||  1440
         War axe           |       |       |       |     1 |       |       |       |       |       ||     1

Table legend: (Time is in decaauts)
 A = Elapsed time spent in this place.
 B = Non-inter-level travel time spent in this place.
 C = Inter-level travel time spent in this place.
 D = Time resting spent in this place.
 E = Time spent auto-exploring this place.
 F = Levels seen in this place.
 G = Mean time per level.
                   A        B        C        D        E       F      G
               +--------+--------+--------+--------+--------+-----+--------+
         Total |  77355 |  71812 |   5543 |   5632 |  51542 |  76 | 1017.8 |
       Dungeon |  16256 |  14022 |   2234 |     55 |  11707 |  15 | 1083.7 |
        Temple |     54 |      1 |     53 |      0 |      0 |   1 |   54.0 |
          Lair |   5972 |   5108 |    864 |      0 |   4310 |   5 | 1194.4 |
         Swamp |   4425 |   4249 |    176 |    980 |   2547 |   4 | 1106.2 |
     Snake Pit |   7583 |   7344 |    239 |    836 |   5345 |   4 | 1895.8 |
    Slime Pits |   1313 |   1290 |     23 |      0 |    830 |   5 |  262.6 |
  Orcish Mines |   2236 |   2132 |    104 |    168 |   1553 |   2 | 1118.0 |
   Elven Halls |   5050 |   4782 |    268 |     36 |   3694 |   3 | 1683.3 |
        Vaults |   9646 |   9083 |    563 |    879 |   6505 |   5 | 1929.2 |
         Crypt |   3542 |   3432 |    110 |    111 |   2385 |   3 | 1180.7 |
        Depths |   7356 |   6623 |    733 |    448 |   4630 |   4 | 1839.0 |
           Zot |   8112 |   7941 |    171 |   1240 |   5172 |   5 | 1622.4 |
         Abyss |   1688 |   1688 |      0 |     37 |    980 |   5 |  337.6 |
      Ziggurat |   1443 |   1443 |      0 |    516 |    348 |  12 |  120.2 |
        Bailey |    900 |    900 |      0 |      0 |    653 |   1 |  900.0 |
    Desolation |    709 |    709 |      0 |      3 |    369 |   1 |  709.0 |
      Gauntlet |   1065 |   1065 |      0 |    322 |    511 |   1 | 1065.0 |
               +--------+--------+--------+--------+--------+-----+--------+

Top non-repeatable levels by time:
   Zot:5: 2531 daAuts
 Snake:1: 2338 daAuts
Depths:4: 2221 daAuts
Vaults:1: 2220 daAuts
   Elf:3: 2203 daAuts
Vaults:4: 2177 daAuts
 Swamp:3: 2107 daAuts
Vaults:5: 2083 daAuts
Depths:1: 1902 daAuts
Depths:2: 1884 daAuts
     D:9: 1870 daAuts
 Snake:3: 1794 daAuts
 Snake:2: 1775 daAuts
Vaults:3: 1676 daAuts
 Snake:4: 1676 daAuts
